TOP OF THE 1ST |
Orlando Calrissian batting - Pitching for Nassau Rockets : LHP Joaquín Gonzáles
|
Pitching: LHP Joaquín Gonzáles
|
|
Batting: RHB José Pérez
|
0-0: Ball 1-0: Ball 2-0: Foul Ball, location: 2F 2-1: Reached on error, E6 (Groundball, 6)
|
Batting: LHB Santiago Márquez
|
0-0: Ball 1-0: Foul Ball, location: 2F 1-1: Called Strike 1-2: Strikes out swinging
|
Batting: RHB Rich Anderson
|
0-0: Ball 1-0: Foul Ball, location: 2F 1-1: Ball 2-1: Foul Ball, location: 2F 2-2: Ball 3-2: Base on Balls
|
Batting: SHB Tim Abbott
|
0-0: Ball 1-0: Ground out 5-3 (Groundball, 5S) José Pérez to third Rich Anderson to second
|
Batting: RHB Frederico Hernández
|
0-0: Foul Ball, location: 2F 0-1: Fly out, F8 (Flyball, 8RD)
|
Top of the 1st over - 0 run(s), 0 hit(s), 1 error(s), 2 left on base; Orlando 0 - Nassau 0 |
BOTTOM OF THE 1ST |
Nassau Rockets batting - Pitching for Orlando Calrissian : LHP José Ramírez
|
Pitching: LHP José Ramírez
|
|
Batting: LHB Don Ramey
|
0-0: Ball 1-0: Called Strike 1-1: Foul Ball, location: 2F 1-2: Foul Ball, location: 2F 1-2: Ground out 4-3 (Groundball, 4S)
|
Batting: RHB Salvador Borbón
|
0-0: Ball 1-0: Foul Ball, location: 2F 1-1: Foul Ball, location: 2F 1-2: Ball 2-2: Foul Ball, location: 2F 2-2: Ball 3-2: Strikes out looking
|
Batting: LHB Andrew Alvarado
|
0-0: Hit by Pitch
|
Batting: RHB Bill Little
|
0-0: Foul Ball, location: 2F 0-1: Foul Ball, location: 2F 0-2: Foul Ball, location: 2F 0-2: Ball 1-2: Fielders Choice at 2nd, 4-6 (Groundball, 34)
|
Bottom of the 1st over - 0 run(s), 0 hit(s), 0 error(s), 0 left on base; Orlando 0 - Nassau 0 |
TOP OF THE 2ND |
Orlando Calrissian batting - Pitching for Nassau Rockets : LHP Joaquín Gonzáles
|
Batting: RHB Júlio Negrón
|
0-0: Called Strike 0-1: Ball 1-1: Ball 2-1: Ball 3-1: Base on Balls
|
Batting: SHB Cristo Ontiveros
|
0-0: Ball 1-0: Called Strike 1-1: Grounds into double play, 5-4-3 (Groundball, 56)
|
Batting: SHB Brian Price
|
0-0: Ground out 6-3 (Groundball, 6)
|
Top of the 2nd over - 0 run(s), 0 hit(s), 0 error(s), 0 left on base; Orlando 0 - Nassau 0 |
BOTTOM OF THE 2ND |
Nassau Rockets batting - Pitching for Orlando Calrissian : LHP José Ramírez
|
Batting: LHB Wilson Allen
|
0-0: Ball 1-0: Foul Ball, location: 2F 1-1: Swinging Strike 1-2: Ball 2-2: Foul Ball, location: 2F 2-2: Ball 3-2: DOUBLE (Flyball, 7D)
|
Batting: RHB Brant Sherman
|
0-0: Called Strike 0-1: Ball 1-1: Called Strike 1-2: Ground out 4-3 (Groundball, 4) Wilson Allen to third
|
Batting: RHB Pete Harvey
|
0-0: Fly out, F5 (Popup, 5L)
|
Batting: LHB Juan Romero
|
0-0: SINGLE (Flyball, 78S) Wilson Allen scores
|
Batting: RHB Jesús Villalobos
|
0-0: Ball 1-0: Foul Ball, location: 2F 1-1: Hit by Pitch Juan Romero to second
|
Batting: LHB Don Ramey
|
0-0: Called Strike 0-1: Ground out U3 (Groundball, 3)
|
Bottom of the 2nd over - 1 run(s), 2 hit(s), 0 error(s), 2 left on base; Orlando 0 - Nassau 1 |
TOP OF THE 3RD |
Orlando Calrissian batting - Pitching for Nassau Rockets : LHP Joaquín Gonzáles
|
Batting: RHB Jesús Gonzáles
|
0-0: Ground out 1-3 (Groundball, 13S)
|
Batting: RHB José Pérez
|
0-0: Ball 1-0: Swinging Strike 1-1: SINGLE (Line Drive, 56)
|
Batting: LHB Santiago Márquez
|
0-0: Ball 1-0: Called Strike 1-1: Swinging Strike 1-2: Strikes out swinging
|
Batting: RHB Rich Anderson
|
0-0: Ball 1-0: Ball José Pérez is caught stealing 2nd base
|
Top of the 3rd over - 0 run(s), 1 hit(s), 0 error(s), 0 left on base; Orlando 0 - Nassau 1 |
BOTTOM OF THE 3RD |
Nassau Rockets batting - Pitching for Orlando Calrissian : LHP José Ramírez
|
Batting: RHB Salvador Borbón
|
0-0: Ball 1-0: Foul Ball, location: 2F 1-1: Foul Ball, location: 2F 1-2: Foul Ball, location: 2F 1-2: Ground out 6-3 (Groundball, 6)
|
Batting: LHB Andrew Alvarado
|
0-0: Ball 1-0: Ball 2-0: Called Strike 2-1: Foul Ball, location: 2F 2-2: Ball 3-2: SINGLE (Line Drive, 78M)
|
Batting: RHB Bill Little
|
0-0: Called Strike 0-1: Ball 1-1: DOUBLE (Flyball, 9LM) Andrew Alvarado to third
|
Batting: LHB Wilson Allen
|
0-0: Ball 1-0: Ground out 4-3 (Groundball, 4) Andrew Alvarado scores Bill Little to third
|
Batting: RHB Brant Sherman
|
0-0: Fly out, F8 (Flyball, 8LXD)
|
Bottom of the 3rd over - 1 run(s), 2 hit(s), 0 error(s), 1 left on base; Orlando 0 - Nassau 2 |
TOP OF THE 4TH |
Orlando Calrissian batting - Pitching for Nassau Rockets : LHP Joaquín Gonzáles
|
Batting: RHB Rich Anderson
|
0-0: Ball 1-0: Ball 2-0: Foul Ball, location: 2F 2-1: Ball 3-1: SINGLE (Line Drive, 56)
|
Batting: SHB Tim Abbott
|
0-0: Ball 1-0: Called Strike 1-1: Foul Ball, location: 2F 1-2: Ball 2-2: Ball 3-2: Strikes out looking
|
Batting: RHB Frederico Hernández
|
0-0: Ball 1-0: Foul Ball, location: 2F 1-1: Foul Ball, location: 2F 1-2: Strikes out looking
|
Batting: RHB Júlio Negrón
|
0-0: Foul Ball, location: 2F 0-1: Swinging Strike 0-2: Ball 1-2: Fly out, F9 (Flyball, 9S)
|
Top of the 4th over - 0 run(s), 1 hit(s), 0 error(s), 1 left on base; Orlando 0 - Nassau 2 |
BOTTOM OF THE 4TH |
Nassau Rockets batting - Pitching for Orlando Calrissian : LHP José Ramírez
|
Batting: RHB Pete Harvey
|
0-0: Ball 1-0: Swinging Strike 1-1: Swinging Strike 1-2: Foul Ball, location: 2F 1-2: Strikes out swinging
|
Batting: LHB Juan Romero
|
0-0: Ground out U3 (Groundball, 3)
|
Batting: RHB Jesús Villalobos
|
0-0: Ball 1-0: SINGLE (Line Drive, 6D)
|
Batting: LHB Don Ramey
|
0-0: Ball 1-0: Ground out 4-3 (Groundball, 34)
|
Bottom of the 4th over - 0 run(s), 1 hit(s), 0 error(s), 1 left on base; Orlando 0 - Nassau 2 |
TOP OF THE 5TH |
Orlando Calrissian batting - Pitching for Nassau Rockets : LHP Joaquín Gonzáles
|
Batting: SHB Cristo Ontiveros
|
0-0: Called Strike 0-1: Ground out 4-3 (Groundball, 4)
|
Batting: SHB Brian Price
|
0-0: Ball 1-0: Foul Ball, location: 2F 1-1: Called Strike 1-2: Strikes out swinging
|
Batting: RHB Jesús Gonzáles
|
0-0: Ball 1-0: SINGLE (Groundball, 5S) (infield hit)
|
Batting: RHB José Pérez
|
0-0: Ball 1-0: SINGLE (Groundball, 56D) Jesús Gonzáles to second
|
Batting: LHB Santiago Márquez
|
0-0: Ball 1-0: Foul Ball, location: 2F 1-1: Ball 2-1: Fly out, F7 (Flyball, 7S)
|
Top of the 5th over - 0 run(s), 2 hit(s), 0 error(s), 2 left on base; Orlando 0 - Nassau 2 |
BOTTOM OF THE 5TH |
Nassau Rockets batting - Pitching for Orlando Calrissian : LHP José Ramírez
|
Batting: RHB Salvador Borbón
|
0-0: Called Strike 0-1: SOLO HOME RUN (Flyball, 78XD), Distance : 398 ft
|
Batting: LHB Andrew Alvarado
|
0-0: Ball 1-0: Ball 2-0: Called Strike 2-1: Ball 3-1: Fly out, F4 (Popup, 4S)
|
Batting: RHB Bill Little
|
0-0: Foul Ball, location: 2F 0-1: Ball 1-1: Ball 2-1: Ball 3-1: Reached on error, E5 (Groundball, 56S)
|
Batting: LHB Wilson Allen
|
0-0: Fly out, F4 (Popup, 4MD)
|
Batting: RHB Brant Sherman
|
0-0: Foul Ball, location: 2F 0-1: Swinging Strike 0-2: Ball 1-2: Ball 2-2: Ball 3-2: Fly out, F9 (Flyball, 89XD)
|
Bottom of the 5th over - 1 run(s), 1 hit(s), 1 error(s), 1 left on base; Orlando 0 - Nassau 3 |
TOP OF THE 6TH |
Orlando Calrissian batting - Pitching for Nassau Rockets : LHP Joaquín Gonzáles
|
Batting: RHB Rich Anderson
|
0-0: Ball 1-0: Foul Ball, location: 2F 1-1: Foul Ball, location: 2F 1-2: SINGLE (Line Drive, 7LS)
|
Batting: SHB Tim Abbott
|
0-0: Called Strike 0-1: Called Strike 0-2: Ball 1-2: Ball 2-2: Ball 3-2: Strikes out swinging
|
Batting: RHB Frederico Hernández
|
0-0: Ball 1-0: Ball 2-0: Called Strike 2-1: Ball 3-1: Called Strike 3-2: Foul Ball, location: 2F 3-2: SINGLE (Groundball, 4MD) Rich Anderson to second
|
Batting: RHB Júlio Negrón
|
0-0: Ball 1-0: Ball 2-0: Ground out 5-3 (Groundball, 5S) Rich Anderson to third Frederico Hernández to second
|
Batting: SHB Cristo Ontiveros
|
0-0: Ball 1-0: Ball 2-0: Ball 3-0: Called Strike 3-1: Base on Balls
|
Batting: SHB Brian Price
|
0-0: Called Strike 0-1: Fly out, F2 (Popup, 3S)
|
Top of the 6th over - 0 run(s), 2 hit(s), 0 error(s), 3 left on base; Orlando 0 - Nassau 3 |
BOTTOM OF THE 6TH |
Nassau Rockets batting - Pitching for Orlando Calrissian : LHP José Ramírez
|
Batting: RHB Pete Harvey
|
0-0: Called Strike 0-1: DOUBLE (Line Drive, 89XD)
|
Batting: LHB Juan Romero
|
0-0: Fly out, F8 (Flyball, 8LM)
|
Batting: RHB Jesús Villalobos
|
0-0: Reached on error, E5 (Groundball, 5L) Pete Harvey scores
|
Batting: LHB Don Ramey
|
0-0: Ball 1-0: Ball 2-0: Ball 3-0: Called Strike 3-1: Called Strike 3-2: Foul Ball, location: 2F 3-2: Foul Ball, location: 2F 3-2: Fly out, F8 (Flyball, 8LS)
|
Batting: RHB Salvador Borbón
|
0-0: Ball 1-0: Swinging Strike 1-1: Called Strike 1-2: Foul Ball, location: 2F 1-2: Ball 2-2: 2-RUN HOME RUN (Flyball, 7D), Distance : 352 ft
|
Batting: LHB Andrew Alvarado
|
0-0: SINGLE (Line Drive, 4MD)
|
Pitching: LHP Pepe Caro
|
|
Batting: RHB Bill Little
|
0-0: Ball 1-0: Ball 2-0: Called Strike 2-1: Ball 3-1: Foul Ball, location: 2F 3-2: Base on Balls Andrew Alvarado to second
|
Batting: LHB Wilson Allen
|
0-0: Ball 1-0: Fielders Choice at 2nd, 5-4 (Groundball, 5)
|
Bottom of the 6th over - 3 run(s), 3 hit(s), 1 error(s), 1 left on base; Orlando 0 - Nassau 6 |
TOP OF THE 7TH |
Orlando Calrissian batting - Pitching for Nassau Rockets : LHP Joaquín Gonzáles
|
Batting: RHB Jesús Gonzáles
|
0-0: Ground out 4-3 (Groundball, 4)
|
Batting: RHB José Pérez
|
0-0: Swinging Strike 0-1: Ball 1-1: Swinging Strike 1-2: Foul Ball, location: 2F 1-2: Strikes out swinging
|
Batting: LHB Santiago Márquez
|
0-0: Ball 1-0: Ground out 4-3 (Groundball, 34)
|
Top of the 7th over - 0 run(s), 0 hit(s), 0 error(s), 0 left on base; Orlando 0 - Nassau 6 |
BOTTOM OF THE 7TH |
Nassau Rockets batting - Pitching for Orlando Calrissian : LHP Pepe Caro
|
Batting: RHB Brant Sherman
|
0-0: Ball 1-0: Called Strike 1-1: Fly out, F8 (Flyball, 8RM)
|
Batting: RHB Pete Harvey
|
0-0: Ball 1-0: Ball 2-0: Foul Ball, location: 2F 2-1: Ball 3-1: Base on Balls
|
Batting: LHB Juan Romero
|
0-0: Fly out, F9 (Flyball, 89S)
|
Batting: RHB Jesús Villalobos
|
0-0: Ground out 5-3 (Groundball, 56S)
|
Bottom of the 7th over - 0 run(s), 0 hit(s), 0 error(s), 1 left on base; Orlando 0 - Nassau 6 |
TOP OF THE 8TH |
Orlando Calrissian batting - Pitching for Nassau Rockets : LHP Joaquín Gonzáles
|
Pitching: RHP John Allan
|
|
Batting: RHB Rich Anderson
|
0-0: Ball 1-0: Ball 2-0: Swinging Strike 2-1: Fly out, F4 (Popup, 34D)
|
Batting: SHB Tim Abbott
|
0-0: Called Strike 0-1: Swinging Strike 0-2: Foul Ball, location: 2F 0-2: Ball 1-2: Ground out 4-3 (Groundball, 34)
|
Batting: RHB Frederico Hernández
|
0-0: Ball 1-0: Called Strike 1-1: Fly out, F8 (Flyball, 78D)
|
Top of the 8th over - 0 run(s), 0 hit(s), 0 error(s), 0 left on base; Orlando 0 - Nassau 6 |
BOTTOM OF THE 8TH |
Nassau Rockets batting - Pitching for Orlando Calrissian : LHP Pepe Caro
|
Batting: LHB Don Ramey
|
0-0: Foul Ball, location: 2F 0-1: Ball 1-1: Called Strike 1-2: Ball 2-2: Strikes out swinging
|
Batting: RHB Salvador Borbón
|
0-0: Ball 1-0: Swinging Strike 1-1: Ball 2-1: Ball 3-1: Base on Balls
|
Batting: LHB Andrew Alvarado
|
0-0: Called Strike 0-1: Ground out 4-3 (Groundball, 34) Salvador Borbón to second
|
Batting: RHB Bill Little
|
0-0: Ball 1-0: Called Strike 1-1: Ball 2-1: Fly out, F8 (Flyball, 8RS)
|
Bottom of the 8th over - 0 run(s), 0 hit(s), 0 error(s), 1 left on base; Orlando 0 - Nassau 6 |
TOP OF THE 9TH |
Orlando Calrissian batting - Pitching for Nassau Rockets : RHP John Allan
|
Batting: RHB Júlio Negrón
|
0-0: Foul Ball, location: 2F 0-1: SINGLE (Groundball, 56D)
|
Batting: SHB Cristo Ontiveros
|
0-0: Called Strike 0-1: Ball 1-1: Ball 2-1: Ball 3-1: Base on Balls Júlio Negrón to second
|
Batting: SHB Brian Price
|
0-0: Ball 1-0: Ball 2-0: Called Strike 2-1: Ball 3-1: Called Strike 3-2: Fly out, F2 (Popup, 23)
|
Batting: RHB Jesús Gonzáles
|
0-0: Reached on error, E6 (Groundball, 6) Júlio Negrón to third Cristo Ontiveros to second
|
Batting: RHB José Pérez
|
0-0: Swinging Strike 0-1: Called Strike 0-2: Ball 1-2: Ball 2-2: SINGLE (Groundball, 56D) Júlio Negrón scores Cristo Ontiveros to third Jesús Gonzáles to second
|
Pitching: RHP Ju-choer Yi
|
|
Batting: LHB Santiago Márquez
|
0-0: Fly out, F7 (Flyball, 7S)
|
Batting: RHB Rich Anderson
|
0-0: Foul Ball, location: 2F 0-1: Ground out 6-3 (Groundball, 56)
|
Top of the 9th over - 1 run(s), 2 hit(s), 1 error(s), 3 left on base; Orlando 1 - Nassau 6 |
|